 Dungeon Sprint DCSS version 0.23.0 (webtiles) character file.

Game seed: 11828174000291599582

1800000 Fang the Warrior (level 13, -60/130 HPs)
             Began as a Demonspawn Gladiator on Feb 13, 2019.
             Was a Follower of Makhleb.
             Annihilated by a large bag of meat
             ... wielding a +9 giant spiked club
              (98 damage)
             ... in the Dungeon (Sprint VIII: "Arena of Blood").
             The game lasted 00:00:49 (18 turns).

Fang the Warrior (Demonspawn Gladiator)               Turns: 18, Time: 00:00:49

Health: -60/130    AC:  6    Str: 19    XL:     13   Next: 69%
Magic:  13/13      EV: 23    Int: 11    God:    Makhleb [*.....]
Gold:   0          SH:  0    Dex: 14    Spells: 12/12 levels left

rFire    . . .     SeeInvis .   l - +∞ Axe of Woe
rCold    + . .     Gourm    .   (shield currently unavailable)
rNeg     . . .     Faith    .   b - +0 leather armour
rPois    .         Spirit   .   (helmet restricted)
rElec    .         Reflect  .   (no cloak)
rCorr    .         Harm     .   (no gloves)
MR       .....     NoTele   +   (no boots)
Stlth    +.........             (no amulet)
HPRegen  0.31/turn              (no ring)
MPRegen  0.13/turn              (no ring)

@: no status effects
A: horns 2, rugged brown scales 3, cold resistance 1, rot immunity, freezing
cloud immunity
a: Renounce Religion


You were in the Dungeon.
You worshipped Makhleb.
Makhleb was aware of your devotion.
You were not hungry.

You visited 1 branch

Inventory:

Hand Weapons
 a - a +0 war axe
 l - the +∞ Axe of Woe (weapon)
   (You found it in the Dungeon)
Missiles
 d - 3 throwing nets (quivered)
Armour
 b - a +0 leather armour (worn)
 c - a +0 helmet
Scrolls
 k - a scroll of blinking
Potions
 e - a potion of curing
 g - a potion of heal wounds
 h - a potion of haste
 i - 2 potions of magic
 j - a potion of berserk rage
Comestibles
 f - a ration


   Skills:
 + Level 18.2 Fighting
 + Level 17.0 Axes
 + Level 16.9 Throwing
 + Level 17.0 Dodging


You had 12 spell levels left.
You didn't know any spells.
Your spell library was empty.

Dungeon Overview and Level Annotations

Branches:
Dungeon (1/1)

Altars:
Makhleb


Innate Abilities, Weirdness & Mutations

You have a pair of horns on your head.
You are completely covered in rugged brown scales. (AC +3, +7% HP)
Your flesh is cold resistant. (rC+)
You are immune to rotting.
You are immune to freezing clouds.


Message History

A large bag of meat comes into view. It is wielding a +9 giant spiked club.
You hear a shout! x3
The bag of meat completely misses you.
Unknown command.
You hit the bag of meat.
You hew the bag of meat savagely.
You kill the bag of meat!
Makhleb accepts your kill.
Your Fighting skill gained 2 levels and is now at level 18!
Your Axes skill gained 2 levels and is now at level 17!
Your Throwing skill increases to level 16!
Your Dodging skill gained 2 levels and is now at level 17!
You have reached level 13!
Your demonic ancestry asserts itself...
The horns on your head grow some more.
You hear a shout! x7
The large bag of meat hits you with a +9 giant spiked club!!!
* * * LOW HITPOINT WARNING * * *
The large bag of meat hits you with a +9 giant spiked club!!!!
Ouch! That really hurt!
You die...

..... ..o #....
..# .. #... ..# .
...###... ..###..
........###......
#........_......
#.....# #_)<._#
#..@..#
......O_.......
.....o###......
..###... ..###..
. #... ..# . #...
..# ..... ... ..
..


You could see a large bag of meat (inner flame) and a bag of meat.

Vanquished Creatures
  3 orcs (D)
3 creatures vanquished.

Notes
Turn   | Place    | Note
-------+----------+-------------------------------------------
     0 | D        | Found the +∞ Axe of Woe
     0 | D        | Fang the Demonspawn Gladiator began the quest for the Orb.
     0 | D        | Reached XP level 1. HP: 16/16 MP: 1/1
     4 | D        | Became a worshipper of Makhleb the Destroyer
     5 | D        | Noticed a bag of meat
     8 | D        | Noticed a bag of meat
    13 | D        | Killed a bag of meat
    13 | D        | Reached skill level 14 in Fighting
    13 | D        | Gained mutation: Your flesh is cold resistant. (rC+)
                  | [demonic ancestry]
    13 | D        | Reached XP level 2. HP: 43/43 MP: 2/2
    13 | D        | Gained mutation: You are partially covered in rugged brown
                  | scales. (AC +1, +3% HP) [demonic ancestry]
    13 | D        | Reached XP level 3. HP: 43/50 MP: 3/3
    13 | D        | Reached XP level 4. HP: 49/57 MP: 4/4
    13 | D        | Reached XP level 5. HP: 54/63 MP: 5/5
    13 | D        | Gained mutation: You are mostly covered in rugged brown
                  | scales. (AC +2, +5% HP) [demonic ancestry]
    13 | D        | Reached XP level 6. HP: 54/72 MP: 6/6
    13 | D        | Gained mutation: You are immune to rotting. [demonic
                  | ancestry]
    13 | D        | Reached XP level 7. HP: 58/78 MP: 7/7
    13 | D        | Gained mutation: You are immune to freezing clouds.
                  | [demonic ancestry]
    13 | D        | Reached XP level 8. HP: 64/86 MP: 8/8
    13 | D        | Reached XP level 9. HP: 69/92 MP: 9/9
    13 | D        | Reached XP level 10. HP: 74/99 MP: 10/10
    13 | D        | Gained mutation: You are completely covered in rugged brown
                  | scales. (AC +3, +7% HP) [demonic ancestry]
    13 | D        | Reached XP level 11. HP: 74/108 MP: 11/11
    14 | D        | Killed a bag of meat
    14 | D        | Reached * piety under Makhleb
    14 | D        | Reached skill level 16 in Fighting
    14 | D        | Reached skill level 15 in Axes
    14 | D        | Reached skill level 15 in Throwing
    14 | D        | Reached skill level 15 in Dodging
    14 | D        | Gained mutation: You have a pair of small horns on your
                  | head. [demonic ancestry]
    14 | D        | Reached XP level 12. HP: 83/120 MP: 12/12
    15 | D        | Noticed a bag of meat
    15 | D        | Noticed a bag of meat
    16 | D        | Noticed a bag of meat
    17 | D        | Noticed a large bag of meat
    18 | D        | Killed a bag of meat
    18 | D        | Reached skill level 18 in Fighting
    18 | D        | Gained mutation: You have a pair of horns on your head.
                  | [demonic ancestry]
    18 | D        | Reached XP level 13. HP: 91/130 MP: 13/13
    18 | D        | Annihilated by a large bag of meat

Skill      XL: |  1  2  3  4  5  6  7  8  9 10 11 12 |
---------------+-------------------------------------+-----
Fighting       | 14 16 18 | 18.2
Axes           | 13 15 17 | 17.0
Throwing       | 13 15 16 | 16.9
Dodging        | 13 15 17 | 17.0

Action                   |  1- 3 |  4- 6 |  7- 9 | 10-12 | 13-15 || total
-------------------------+-------+-------+-------+-------+-------++-------
Melee: Executioner's axe |     1 |       |       |     2 |       ||     3
Dodge: Dodged            |       |       |       |     1 |       ||     1
